[Event "Torneo Benidorm Gran Hotel Bali 2022"]
[Site "Benidorm, Spain"]
[Date "2022.12.06"]
[Round "4.1"]
[White "Mingarro Carceller, Sergi"]
[Black "Aguilera Lopez, Alejandro"]
[Result "0-1"]
[ECO "B45"]
[WhiteElo "2330"]
[BlackElo "2184"]
[PlyCount "116"]
[EventDate "2022.12.03"]
[EventType "swiss"]
[EventRounds "9"]
[SourceTitle "Ajedrez en Madrid"]
[Source "lmi"]
[SourceDate "2022.12.03"]
[SourceVersion "1"]
[SourceVersionDate "2022.12.10"]
[SourceQuality "1"]
[TimeControl "90+30"]
[WhiteClock "0:09:47"]
[BlackClock "0:12:10"]

1. e4 c5 2. Nf3 e6 3. d4 cxd4 4. Nxd4 Nf6 5. Nc3 Nc6 6. Nxc6 bxc6 7. e5 Nd5 8. Ne4 Qc7 9. f4 Qb6 10. c4 Bb4+ 11. Ke2 f5 12. Nf2 Ba6 13. Kf3 Ne7 14. Be3 Bc5 15. Bxc5 Qxc5 16. Qd6 Qxd6 17. exd6 Ng8 18. c5 Bxf1 19. Rhxf1 Rb8 20. Rfc1 Nf6 21. Nd3 O-O 22. Rc4 Rb7 23. Rac1 Ne4 24. Ke3 h6 25. b3 g5 26. g4 Nf6 27. gxf5 exf5 28. fxg5 hxg5 29. Rg1 Re8+ 30. Kd2 Kf7 31. Kc2 Re2+ 32. Kb1 Ne4 33. Rc2 Rxc2 34. Kxc2 Kf6 35. b4 Rb8 36. Rg2 Rh8 37. Kb3 f4 38. Kc4 f3 39. Rc2 Kf5 40. Kd4 Nf6 41. b5 cxb5 42. c6 dxc6 43. Rc5+ Ke6 44. Rxg5 Rxh2 45. Re5+ Kxd6 46. Rf5 Nd5 47. Ke4 Re2+ 48. Kd4 Rxa2 49. Ke4 Re2+ 50. Kd4 Rh2 51. Ke4 a5 52. Rxf3 Rh4+ 53. Kf5 a4 54. Nf2 Ne7+ 55. Kg5 Rd4 56. Rf6+ Kd7 57. Ng4 a3 58. Ne5+ Kc7 0-1

[Event "Torneo Benidorm Gran Hotel Bali 2022"]
[Site "Benidorm, Spain"]
[Date "2022.12.06"]
[Round "4.2"]
[White "Schaffert, Walter"]
[Black "Davtyan, David Arm."]
[Result "0-1"]
[ECO "B10"]
[WhiteElo "2037"]
[BlackElo "2329"]
[PlyCount "82"]
[EventDate "2022.12.03"]
[EventType "swiss"]
[EventRounds "9"]
[SourceTitle "Ajedrez en Madrid"]
[Source "lmi"]
[SourceDate "2022.12.03"]
[SourceVersion "1"]
[SourceVersionDate "2022.12.10"]
[SourceQuality "1"]
[TimeControl "90+30"]
[WhiteClock "0:01:06"]
[BlackClock "0:18:42"]

1. e4 c6 2. Be2 d5 3. d3 e5 4. f4 dxe4 5. dxe4 Qxd1+ 6. Bxd1 exf4 7. Bxf4 Ne7 8. Nf3 Ng6 9. Be3 Nd7 10. Nbd2 Bc5 11. Bxc5 Nxc5 12. O-O Be6 13. b4 Nd7 14. Ng5 Nde5 15. Nxe6 fxe6 16. Be2 Ke7 17. Nb3 Nd7 18. a4 Nge5 19. a5 Rhd8 20. a6 b6 21. h3 Rf8 22. g3 Rxf1+ 23. Rxf1 g5 24. Kg2 Nf6 25. Re1 Rd8 26. Bf1 h5 27. Be2 h4 28. g4 Ng6 29. Bf1 Nf4+ 30. Kf3 Nd7 31. Ke3 Ne5 32. Rb1 Rf8 33. Nd4 Kd6 34. Rd1 Kc7 35. Rb1 b5 36. Ra1 Kb6 37. Ra3 Nxh3 38. Ke2 Ng1+ 39. Ke1 Ngf3+ 40. Nxf3 Nxf3+ 41. Kd1 Ne5 0-1

[Event "Torneo Benidorm Gran Hotel Bali 2022"]
[Site "Benidorm, Spain"]
[Date "2022.12.06"]
[Round "4.3"]
[White "Remolar Gallen, Jose"]
[Black "Rodriguez Redondo, Adhara"]
[Result "1/2-1/2"]
[ECO "A17"]
[WhiteElo "2305"]
[BlackElo "2057"]
[PlyCount "101"]
[EventDate "2022.12.03"]
[EventType "swiss"]
[EventRounds "9"]
[SourceTitle "Ajedrez en Madrid"]
[Source "lmi"]
[SourceDate "2022.12.03"]
[SourceVersion "1"]
[SourceVersionDate "2022.12.10"]
[SourceQuality "1"]
[TimeControl "90+30"]
[WhiteClock "0:19:20"]
[BlackClock "0:00:53"]

1. c4 e6 2. Nf3 d5 3. e3 Nf6 4. Nc3 Bd6 5. b3 b6 6. Bb2 Bb7 7. cxd5 exd5 8. Be2 O-O 9. Nd4 Re8 10. O-O Bf8 11. Nf5 Nbd7 12. d4 g6 13. Ng3 h5 14. Bf3 Bg7 15. Rc1 Nf8 16. Rc2 N8h7 17. Nge2 Ng5 18. Nf4 Nxf3+ 19. Qxf3 Ne4 20. Rfc1 c6 21. Nxe4 dxe4 22. Qg3 h4 23. Qg4 Bc8 24. Qd1 Bb7 25. d5 Bxb2 26. Rxb2 Qf6 27. Rd2 cxd5 28. Rc7 Re7 29. Rxe7 Qxe7 30. Nxd5 Bxd5 31. Rxd5 Rc8 32. h3 Qf6 33. Rd4 Re8 34. Qg4 Kg7 35. a4 Qe6 36. Qxh4 Qxb3 37. Qf4 Qe6 38. g4 Qe5 39. Qxe5+ Rxe5 40. Kg2 g5 41. Kg3 Kg6 42. h4 gxh4+ 43. Kxh4 f6 44. Rb4 Re6 45. Kg3 f5 46. Kf4 fxg4 47. Kxg4 Rf6 48. Rxe4 Rxf2 49. Re7 a6 50. Re6+ Rf6 51. Rxf6+ 1/2-1/2

[Event "Torneo Benidorm Gran Hotel Bali 2022"]
[Site "Benidorm, Spain"]
[Date "2022.12.06"]
[Round "4.4"]
[White "Sos Andreu, Eric"]
[Black "Tscharotschkin, Michael"]
[Result "1/2-1/2"]
[ECO "A90"]
[WhiteElo "2364"]
[BlackElo "2137"]
[PlyCount "70"]
[EventDate "2022.12.03"]
[EventType "swiss"]
[EventRounds "9"]
[SourceTitle "Ajedrez en Madrid"]
[Source "lmi"]
[SourceDate "2022.12.03"]
[SourceVersion "1"]
[SourceVersionDate "2022.12.10"]
[SourceQuality "1"]
[TimeControl "90+30"]
[WhiteClock "0:19:27"]
[BlackClock "0:36:39"]

1. d4 d5 2. c4 e6 3. Nf3 c6 4. g3 Bd6 5. Bg2 f5 6. O-O Nf6 7. b3 Qe7 8. Bb2 O-O 9. Nbd2 Ne4 10. Ne5 Nxd2 11. Qxd2 Nd7 12. Nd3 Nf6 13. f3 Bd7 14. Bc3 Be8 15. Kh1 Bf7 16. Rab1 Rad8 17. c5 Bc7 18. Ba5 Bxa5 19. Qxa5 g5 20. Qd2 h6 21. b4 Nd7 22. Qe3 Bg6 23. Rb3 f4 24. gxf4 Bxd3 25. Qxd3 Rxf4 26. Qg6+ Qg7 27. Qxe6+ Kh8 28. e3 Nf8 29. Qe5 Qxe5 30. dxe5 Rf5 31. f4 gxf4 32. exf4 Ng6 33. Rbf3 Rdf8 34. Bh3 Nxe5 35. Bxf5 Nxf3 1/2-1/2

[Event "Torneo Benidorm Gran Hotel Bali 2022"]
[Site "Benidorm, Spain"]
[Date "2022.12.06"]
[Round "4.5"]
[White "Yuste Valenzuela, Alejandro"]
[Black "Md, Imran"]
[Result "0-1"]
[ECO "B38"]
[WhiteElo "2089"]
[BlackElo "2279"]
[PlyCount "66"]
[EventDate "2022.12.03"]
[EventType "swiss"]
[EventRounds "9"]
[SourceTitle "Ajedrez en Madrid"]
[Source "lmi"]
[SourceDate "2022.12.03"]
[SourceVersion "1"]
[SourceVersionDate "2022.12.10"]
[SourceQuality "1"]
[TimeControl "90+30"]
[WhiteClock "0:15:24"]
[BlackClock "0:56:18"]

1. e4 c5 2. Nf3 Nc6 3. d4 cxd4 4. Nxd4 g6 5. c4 Bg7 6. Be3 Qb6 7. Nb5 Qd8 8. N1c3 Nf6 9. Be2 O-O 10. Qd2 d6 11. Rc1 Nd7 12. O-O Nc5 13. f4 a6 14. Nd4 Qa5 15. Bf3 Nxd4 16. Bxd4 e5 17. Be3 exf4 18. Bxf4 Be6 19. b3 b5 20. Bh6 Bxh6 21. Qxh6 b4 22. Ne2 Qxa2 23. e5 Rad8 24. Ng3 Qb2 25. Rce1 dxe5 26. Bd5 f6 27. Rf3 Qd4+ 28. Kh1 Bxd5 29. Nf5 gxf5 30. Rg3+ Kf7 31. Qxh7+ Ke8 32. Qg6+ Bf7 33. Qxf6 Ne4 0-1

[Event "Torneo Benidorm Gran Hotel Bali 2022"]
[Site "Benidorm, Spain"]
[Date "2022.12.06"]
[Round "4.6"]
[White "Korneev, Oleg"]
[Black "Barbera Estelles, Rosendo"]
[Result "1-0"]
[ECO "C54"]
[WhiteElo "2481"]
[BlackElo "2137"]
[PlyCount "91"]
[EventDate "2022.12.03"]
[EventType "swiss"]
[EventRounds "9"]
[SourceTitle "Ajedrez en Madrid"]
[Source "lmi"]
[SourceDate "2022.12.03"]
[SourceVersion "1"]
[SourceVersionDate "2022.12.10"]
[SourceQuality "1"]
[TimeControl "90+30"]
[WhiteClock "0:10:20"]
[BlackClock "0:00:49"]

1. e4 e5 2. Nf3 Nc6 3. Bc4 Nf6 4. d3 Bc5 5. O-O O-O 6. Nbd2 d6 7. c3 a6 8. Bb3 h6 9. Re1 Re8 10. Nf1 Ba7 11. Ng3 Be6 12. d4 Bxb3 13. axb3 d5 14. Nxe5 Nxe5 15. dxe5 Rxe5 16. Bf4 Re6 17. e5 Nh7 18. b4 c6 19. Qh5 Qd7 20. Nf5 Nf8 21. Be3 Bxe3 22. Rxe3 Rg6 23. f4 Re8 24. h3 Ne6 25. Qf3 Nf8 26. Nd4 Ne6 27. Nf5 Nf8 28. Nd6 Rxd6 29. exd6 Rxe3 30. Qxe3 Qxd6 31. Re1 Ne6 32. Qe5 Qxe5 33. Rxe5 Kf8 34. g3 Nc7 35. Kf2 Nb5 36. Re2 Nd6 37. g4 Ne4+ 38. Ke3 Ke7 39. Kd4 Kd6 40. c4 Nf6 41. b3 Ne4 42. cxd5 cxd5 43. Rc2 f5 44. Rc8 fxg4 45. hxg4 Nf2 46. Rg8 1-0

[Event "Torneo Benidorm Gran Hotel Bali 2022"]
[Site "Benidorm, Spain"]
[Date "2022.12.06"]
[Round "4.7"]
[White "Millaret Lores, Francesc"]
[Black "Pallardo Lozoya, Jose Vicente"]
[Result "0-1"]
[ECO "B67"]
[WhiteElo "2133"]
[BlackElo "2367"]
[PlyCount "84"]
[EventDate "2022.12.03"]
[EventType "swiss"]
[EventRounds "9"]
[SourceTitle "Ajedrez en Madrid"]
[Source "lmi"]
[SourceDate "2022.12.03"]
[SourceVersion "1"]
[SourceVersionDate "2022.12.10"]
[SourceQuality "1"]
[TimeControl "90+30"]
[WhiteClock "0:04:28"]
[BlackClock "0:02:28"]

1. e4 c5 2. Nf3 Nc6 3. d4 cxd4 4. Nxd4 Nf6 5. Nc3 d6 6. Bg5 e6 7. Qd2 a6 8. O-O-O Bd7 9. Kb1 Rc8 10. f4 h6 11. Bh4 Nxe4 12. Nxe4 Qxh4 13. Nf3 Qe7 14. Nxd6+ Qxd6 15. Qxd6 Bxd6 16. Rxd6 Ke7 17. Rd2 Rhd8 18. Be2 Be8 19. Rhd1 Rxd2 20. Rxd2 f6 21. Ne1 g5 22. fxg5 hxg5 23. Bf3 Rc7 24. Bxc6 Bxc6 25. b3 f5 26. Kb2 Be4 27. a4 g4 28. a5 Kf6 29. c4 Rc5 30. Nd3 Bxd3 31. Rxd3 Rxa5 32. Rd7 f4 33. Rxb7 f3 34. gxf3 gxf3 35. Rd7 Rf5 36. Rd1 Ke5 37. c5 f2 38. Rf1 Ke4 39. c6 Ke3 40. b4 Rf8 41. c7 Rc8 42. Rc1 Rxc7 0-1

[Event "Torneo Benidorm Gran Hotel Bali 2022"]
[Site "Benidorm, Spain"]
[Date "2022.12.06"]
[Round "4.8"]
[White "Hristodorescu, Daniel"]
[Black "Granero Roca, Antonio"]
[Result "1/2-1/2"]
[ECO "B51"]
[WhiteElo "2108"]
[BlackElo "2345"]
[PlyCount "83"]
[EventDate "2022.12.03"]
[EventType "swiss"]
[EventRounds "9"]
[SourceTitle "Ajedrez en Madrid"]
[Source "lmi"]
[SourceDate "2022.12.03"]
[SourceVersion "1"]
[SourceVersionDate "2022.12.10"]
[SourceQuality "1"]
[TimeControl "90+30"]
[WhiteClock "0:22:25"]
[BlackClock "0:19:50"]

1. e4 c5 2. Nf3 Nc6 3. Bb5 d6 4. O-O Bd7 5. c3 a6 6. Ba4 Nf6 7. Re1 b5 8. Bc2 e5 9. d4 Be7 10. Nbd2 O-O 11. Nf1 cxd4 12. cxd4 Bg4 13. d5 Nd4 14. Be3 Nxc2 15. Qxc2 Rc8 16. Qd3 Nd7 17. N3d2 f5 18. h3 fxe4 19. Nxe4 Bf5 20. Nfg3 Bg6 21. a4 h5 22. axb5 axb5 23. Ra7 h4 24. Nf1 Nc5 25. Bxc5 Rxc5 26. Nfd2 Bg5 27. Qe2 Bxd2 28. Qxd2 Rc4 29. Ng5 Rd4 30. Qxd4 exd4 31. Ree7 Kh8 32. Ne6 Qxe7 33. Rxe7 d3 34. Nxf8 d2 35. Nxg6+ Kg8 36. Re6 d1=Q+ 37. Kh2 Qd4 38. f4 Qxb2 39. f5 Kh7 40. Nf8+ Kg8 41. Ng6 Kh7 42. Nf8+ 1/2-1/2

[Event "Torneo Benidorm Gran Hotel Bali 2022"]
[Site "Benidorm, Spain"]
[Date "2022.12.06"]
[Round "4.9"]
[White "Rubio Tapia, Jose Juan"]
[Black "Shaik, Sumer Arsh"]
[Result "1/2-1/2"]
[ECO "D26"]
[WhiteElo "2079"]
[BlackElo "2290"]
[PlyCount "85"]
[EventDate "2022.12.03"]
[EventType "swiss"]
[EventRounds "9"]
[SourceTitle "Ajedrez en Madrid"]
[Source "lmi"]
[SourceDate "2022.12.03"]
[SourceVersion "1"]
[SourceVersionDate "2022.12.10"]
[SourceQuality "1"]
[TimeControl "90+30"]
[WhiteClock "0:02:02"]
[BlackClock "0:01:59"]

1. d4 Nf6 2. c4 e6 3. Nf3 d5 4. Nc3 Bb4 5. e3 O-O 6. Bd3 dxc4 7. Bxc4 c5 8. O-O cxd4 9. exd4 Nc6 10. Bg5 Be7 11. Rc1 b6 12. Bb5 Bb7 13. Qa4 Nb4 14. Bxf6 gxf6 15. d5 a6 16. Bc6 b5 17. Qb3 Nxc6 18. dxc6 Bxc6 19. Rfd1 Qe8 20. Nd4 Bb7 21. Rd3 Kh8 22. Rh3 Rg8 23. Nf3 Rc8 24. Re1 Rc4 25. Ne2 Bd5 26. Qe3 Rcg4 27. Ng3 R8g6 28. Nh4 Rg7 29. Nhf5 exf5 30. Qxe7 Qxe7 31. Rxe7 f4 32. f3 Bxf3 33. gxf3 R4g5 34. Kf2 fxg3+ 35. Rxg3 Re5 36. Ra7 Rxg3 37. hxg3 Rc5 38. Rxa6 Rc2+ 39. Ke3 Rxb2 40. Rxf6 Kg7 41. Rb6 f6 42. g4 Kg6 43. Kf4 1/2-1/2

[Event "Torneo Benidorm Gran Hotel Bali 2022"]
[Site "Benidorm, Spain"]
[Date "2022.12.06"]
[Round "4.10"]
[White "Luque Saiz, Andres"]
[Black "Villar Reymundo, Juan Antonio"]
[Result "1-0"]
[ECO "B03"]
[WhiteElo "2286"]
[BlackElo "2135"]
[PlyCount "107"]
[EventDate "2022.12.03"]
[EventType "swiss"]
[EventRounds "9"]
[SourceTitle "Ajedrez en Madrid"]
[Source "lmi"]
[SourceDate "2022.12.03"]
[SourceVersion "1"]
[SourceVersionDate "2022.12.10"]
[SourceQuality "1"]
[TimeControl "90+30"]
[WhiteClock "0:01:48"]
[BlackClock "0:00:45"]

1. e4 Nf6 2. e5 Nd5 3. d4 d6 4. c4 Nb6 5. exd6 exd6 6. Nc3 Be7 7. Bd3 O-O 8. Nge2 c6 9. O-O Na6 10. d5 cxd5 11. cxd5 Nc5 12. Bc2 Bg4 13. Rb1 Rc8 14. Bf4 Bg5 15. f3 Bh5 16. Bf5 Bg6 17. Bxg6 hxg6 18. b4 Bxf4 19. Nxf4 Ncd7 20. Ne4 Nf6 21. Qd3 Re8 22. Rbc1 Rxc1 23. Rxc1 Re5 24. Nc3 g5 25. Nh3 Nbxd5 26. a3 g4 27. fxg4 Nxc3 28. Qxc3 Nxg4 29. Qf3 Qe7 30. Qc3 Re3 31. Qc8+ Kh7 32. Rf1 Re1 33. Qxg4 Qe3+ 34. Nf2 Qc1 35. Qe4+ Rxe4 36. Rxc1 Re3 37. Ra1 Kg6 38. Nd1 Re2 39. Nc3 Rd2 40. Rd1 Rxd1+ 41. Nxd1 Kf5 42. Kf2 Ke4 43. Ke2 Kd4 44. Kd2 f5 45. h4 g6 46. Ne3 d5 47. h5 gxh5 48. Nxf5+ Kc4 49. Kc2 d4 50. Ng7 d3+ 51. Kd2 h4 52. Nf5 Kb3 53. Nxh4 Kxa3 54. g4 1-0

[Event "Torneo Benidorm Gran Hotel Bali 2022"]
[Site "Benidorm, Spain"]
[Date "2022.12.06"]
[Round "4.11"]
[White "Aditya, Varun Gampa"]
[Black "Mari Copa, Adria"]
[Result "1-0"]
[ECO "B12"]
[WhiteElo "2249"]
[BlackElo "2113"]
[PlyCount "65"]
[EventDate "2022.12.03"]
[EventType "swiss"]
[EventRounds "9"]
[SourceTitle "Ajedrez en Madrid"]
[Source "lmi"]
[SourceDate "2022.12.03"]
[SourceVersion "1"]
[SourceVersionDate "2022.12.10"]
[SourceQuality "1"]
[TimeControl "90+30"]
[WhiteClock "0:33:32"]
[BlackClock "0:06:57"]

1. e4 c6 2. d4 d5 3. e5 Bf5 4. h4 h5 5. c4 e6 6. Nc3 Nd7 7. Nge2 Be7 8. Ng3 Bg4 9. Be2 Bxe2 10. Qxe2 dxc4 11. Bg5 Nb6 12. Bxe7 Nxe7 13. Nce4 Kf8 14. O-O-O g6 15. Nd6 Nf5 16. Nge4 Nxd6 17. Nxd6 Qe7 18. Rh3 f5 19. f3 Nd5 20. Qd2 b5 21. Rg1 Nb6 22. g4 Nc8 23. gxf5 Nxd6 24. exd6 Qf6 25. Rxg6 Qxf5 26. Rhg3 Rd8 27. R3g5 Qxf3 28. Rxe6 Rh7 29. Rg1 Qf7 30. Qg5 Qxe6 31. Qxd8+ Kf7 32. Qg8+ Kf6 33. Qg6# 1-0

[Event "Torneo Benidorm Gran Hotel Bali 2022"]
[Site "Benidorm, Spain"]
[Date "2022.12.06"]
[Round "4.13"]
[White "Bendayan Claros, Aaron"]
[Black "Galvan Cipriani, Viviana"]
[Result "1/2-1/2"]
[ECO "D05"]
[WhiteElo "2232"]
[BlackElo "2088"]
[PlyCount "93"]
[EventDate "2022.12.03"]
[EventType "swiss"]
[EventRounds "9"]
[SourceTitle "Ajedrez en Madrid"]
[Source "lmi"]
[SourceDate "2022.12.03"]
[SourceVersion "1"]
[SourceVersionDate "2022.12.10"]
[SourceQuality "1"]
[TimeControl "90+30"]
[WhiteClock "0:00:47"]
[BlackClock "0:25:28"]

1. d4 Nf6 2. Nf3 d5 3. e3 c5 4. Nbd2 e6 5. b3 Nc6 6. Bd3 Bd7 7. a3 cxd4 8. exd4 g6 9. O-O Bg7 10. Bb2 O-O 11. Ne5 Rc8 12. Qe2 Qb6 13. Ndf3 Rfd8 14. b4 Ne8 15. c4 dxc4 16. Nxc4 Qc7 17. Rac1 Nd6 18. Ne3 Qb6 19. d5 Nd4 20. Nxd4 Bxd4 21. Ng4 Nf5 22. Nf6+ Bxf6 23. Bxf6 Rxc1 24. Rxc1 Re8 25. Bxf5 exf5 26. Qb2 Qd6 27. h4 Qxd5 28. Bh8 f6 29. Qxf6 Qf7 30. Qxf7+ Kxf7 31. Rc7 Ke6 32. Bd4 b5 33. Rxa7 Kd6 34. Bc5+ Kc6 35. Ra6+ Kc7 36. Rf6 Re4 37. Be3 Rxh4 38. f4 Bc6 39. Bf2 Rg4 40. g3 h5 41. Kh2 h4 42. Kh3 hxg3 43. Bxg3 Kd7 44. Kh2 Bd5 45. Kh3 Be6 46. Rf8 Kd6 47. Rd8+ 1/2-1/2

[Event "Torneo Benidorm Gran Hotel Bali 2022"]
[Site "Benidorm, Spain"]
[Date "2022.12.06"]
[Round "5.1"]
[White "Aguilera Lopez, Alejandro"]
[Black "Davtyan, David Arm."]
[Result "1-0"]
[ECO "D40"]
[WhiteElo "2184"]
[BlackElo "2329"]
[PlyCount "61"]
[EventDate "2022.12.03"]
[EventType "swiss"]
[EventRounds "9"]
[SourceTitle "Ajedrez en Madrid"]
[Source "lmi"]
[SourceDate "2022.12.03"]
[SourceVersion "1"]
[SourceVersionDate "2022.12.10"]
[SourceQuality "1"]
[TimeControl "90+30"]
[WhiteClock "0:32:26"]
[BlackClock "0:14:30"]

1. Nf3 Nf6 2. c4 e6 3. Nc3 d5 4. e3 c5 5. cxd5 exd5 6. d4 a6 7. a3 c4 8. g3 b5 9. Bg2 Bb7 10. O-O Be7 11. Ne5 O-O 12. b3 Qc8 13. Bb2 Rd8 14. Rc1 Nc6 15. Qe2 Na5 16. bxc4 dxc4 17. Rcd1 Bxg2 18. Kxg2 Qb7+ 19. e4 Bd6 20. f4 Qe7 21. Rf3 Rac8 22. g4 Nb3 23. g5 Bxe5 24. dxe5 Nh5 25. Nd5 Qa7 26. f5 g6 27. e6 fxe6 28. fxe6 Rxd5 29. exd5 c3 30. Bxc3 Rxc3 31. e7 1-0

[Event "Torneo Benidorm Gran Hotel Bali 2022"]
[Site "Benidorm, Spain"]
[Date "2022.12.06"]
[Round "5.2"]
[White "Md, Imran"]
[Black "Remolar Gallen, Jose"]
[Result "1-0"]
[ECO "B07"]
[WhiteElo "2279"]
[BlackElo "2305"]
[PlyCount "69"]
[EventDate "2022.12.03"]
[EventType "swiss"]
[EventRounds "9"]
[SourceTitle "Ajedrez en Madrid"]
[Source "lmi"]
[SourceDate "2022.12.03"]
[SourceVersion "1"]
[SourceVersionDate "2022.12.10"]
[SourceQuality "1"]
[TimeControl "90+30"]
[WhiteClock "0:50:29"]
[BlackClock "0:47:04"]

1. d4 g6 2. Nc3 Bg7 3. e4 d6 4. Be2 Nf6 5. h4 h5 6. Bg5 c6 7. Nf3 b5 8. a3 Bg4 9. O-O O-O 10. Nd2 Bxe2 11. Qxe2 e5 12. d5 cxd5 13. Nxd5 Nbd7 14. Qxb5 Rb8 15. Qe2 Rxb2 16. Nc4 Rb8 17. Nxd6 Nb6 18. Rad1 Nbxd5 19. Rxd5 Nxd5 20. Bxd8 Nf4 21. Qc4 Rbxd8 22. Rd1 Rd7 23. g3 Ne6 24. Rd5 Rc7 25. Qd3 Rb8 26. Nc4 Rbc8 27. Nxe5 Rxc2 28. Qa6 Bxe5 29. Rxe5 Nd4 30. Rd5 Nf3+ 31. Kg2 Nh2 32. Kxh2 Rxf2+ 33. Kg1 Rcc2 34. Rd8+ Kg7 35. Qd6 1-0

[Event "Torneo Benidorm Gran Hotel Bali 2022"]
[Site "Benidorm, Spain"]
[Date "2022.12.06"]
[Round "5.3"]
[White "Rodriguez Redondo, Adhara"]
[Black "Sos Andreu, Eric"]
[Result "1/2-1/2"]
[ECO "B13"]
[WhiteElo "2057"]
[BlackElo "2364"]
[PlyCount "81"]
[EventDate "2022.12.03"]
[EventType "swiss"]
[EventRounds "9"]
[SourceTitle "Ajedrez en Madrid"]
[Source "lmi"]
[SourceDate "2022.12.03"]
[SourceVersion "1"]
[SourceVersionDate "2022.12.10"]
[SourceQuality "1"]
[TimeControl "90+30"]
[WhiteClock "0:10:52"]
[BlackClock "0:24:48"]

1. e4 c6 2. d4 d5 3. exd5 cxd5 4. Bd3 Nf6 5. c3 Bg4 6. Qb3 Qc7 7. h3 Bd7 8. Ne2 Bc6 9. Bf4 Qd7 10. a4 e6 11. Nd2 Bd6 12. Be5 Qc7 13. Nf3 Nbd7 14. Bxd6 Qxd6 15. Qa3 Qxa3 16. Rxa3 a5 17. O-O Ke7 18. Rfa1 Rhc8 19. Bb5 Ne4 20. Ne5 f6 21. Nxd7 Bxd7 22. Bxd7 Kxd7 23. Rb3 Nd6 24. Nf4 Rc6 25. Nh5 Rg8 26. Re1 b6 27. Ra3 Rcc8 28. Re2 Rce8 29. Nf4 g5 30. Nd3 Rc8 31. Ra1 h5 32. Rae1 Rge8 33. f3 Rc6 34. g4 h4 35. Kg2 Rc4 36. Ra1 Ke7 37. Kh2 Kf7 38. Kg2 Re7 39. Kh2 Re8 40. Kg2 Re7 41. Kh2 1/2-1/2

[Event "Torneo Benidorm Gran Hotel Bali 2022"]
[Site "Benidorm, Spain"]
[Date "2022.12.06"]
[Round "5.4"]
[White "Korneev, Oleg"]
[Black "Oswaldo Valentin, Requejo Cotrin"]
[Result "1-0"]
[ECO "C73"]
[WhiteElo "2481"]
[BlackElo "2248"]
[PlyCount "99"]
[EventDate "2022.12.03"]
[EventType "swiss"]
[EventRounds "9"]
[SourceTitle "Ajedrez en Madrid"]
[Source "lmi"]
[SourceDate "2022.12.03"]
[SourceVersion "1"]
[SourceVersionDate "2022.12.10"]
[SourceQuality "1"]
[TimeControl "90+30"]
[WhiteClock "0:02:24"]
[BlackClock "0:01:47"]

1. e4 e5 2. Nf3 Nc6 3. Bb5 a6 4. Ba4 d6 5. Bxc6+ bxc6 6. d4 exd4 7. Qxd4 c5 8. Qd3 Nf6 9. O-O Be7 10. c4 O-O 11. Nc3 Bg4 12. Bf4 Bxf3 13. Qxf3 Nd7 14. Rad1 Bf6 15. b3 Bxc3 16. Qxc3 f6 17. b4 cxb4 18. Qxb4 Qe7 19. Qb7 Nc5 20. Qd5+ Qf7 21. f3 Rab8 22. Rb1 Qxd5 23. cxd5 Rxb1 24. Rxb1 f5 25. Be3 Nd3 26. Rb3 fxe4 27. fxe4 Ne5 28. Bd4 Nc4 29. h3 Nd2 30. Rc3 Rf1+ 31. Kh2 Rd1 32. Rxc7 Nxe4 33. Bxg7 h5 34. Re7 Nd2 35. Kg3 Nc4 36. Kh4 Rxd5 37. Bf6 Rf5 38. Bg5 Rf2 39. g3 Rxa2 40. Kxh5 Ne5 41. Bf4 Ra5 42. Kh6 Kf8 43. Ra7 Ra1 44. h4 a5 45. h5 a4 46. Bxe5 dxe5 47. g4 e4 48. g5 Rd1 49. g6 Rd8 50. Kh7 1-0

[Event "Torneo Benidorm Gran Hotel Bali 2022"]
[Site "Benidorm, Spain"]
[Date "2022.12.06"]
[Round "5.5"]
[White "Pallardo Lozoya, Jose Vicente"]
[Black "Valdepenas Octavio, Javier"]
[Result "0-1"]
[ECO "C77"]
[WhiteElo "2367"]
[BlackElo "2216"]
[PlyCount "110"]
[EventDate "2022.12.03"]
[EventType "swiss"]
[EventRounds "9"]
[SourceTitle "Ajedrez en Madrid"]
[Source "lmi"]
[SourceDate "2022.12.03"]
[SourceVersion "1"]
[SourceVersionDate "2022.12.10"]
[SourceQuality "1"]
[TimeControl "90+30"]
[WhiteClock "0:02:29"]
[BlackClock "0:01:56"]

1. e4 e5 2. Nf3 Nc6 3. Bb5 a6 4. Ba4 Nf6 5. d3 d6 6. c3 g6 7. Nbd2 Bg7 8. Nf1 O-O 9. Ng3 Re8 10. O-O b5 11. Bc2 a5 12. h3 h6 13. Re1 Bb7 14. Nh2 a4 15. a3 Na5 16. f4 exf4 17. Bxf4 c5 18. Qd2 Kh7 19. Rad1 Rc8 20. Bb1 Nb3 21. Qf2 b4 22. axb4 cxb4 23. cxb4 Nd7 24. Be3 Ne5 25. Kh1 Qd7 26. d4 Nc4 27. Ng4 Nxe3 28. Rxe3 Nxd4 29. Red3 Nb5 30. e5 Rxe5 31. Nxe5 Bxe5 32. Kg1 Rc4 33. Nh5 Qe7 34. Re1 Be4 35. Rxe4 Rxe4 36. Rf3 Bd4 37. Nf6+ Qxf6 38. Rxf6 Re1+ 39. Kh2 Bxf2 40. Rxf7+ Kg8 41. Bxg6 Bd4 42. Rb7 Be5+ 43. g3 Re2+ 44. Kg1 Rxb2 45. Rxb5 a3 46. Be4 a2 47. Bd5+ Kg7 48. Bxa2 Rxa2 49. Ra5 Rb2 50. Ra3 Rxb4 51. Kf2 h5 52. Kf3 Rc4 53. Ra7+ Kg6 54. g4 Rc3+ 55. Ke4 h4 0-1

[Event "Torneo Benidorm Gran Hotel Bali 2022"]
[Site "Benidorm, Spain"]
[Date "2022.12.06"]
[Round "5.6"]
[White "Mingarro Carceller, Sergi"]
[Black "Jordan Martinez, Miguel"]
[Result "1-0"]
[ECO "C11"]
[WhiteElo "2330"]
[BlackElo "2185"]
[PlyCount "75"]
[EventDate "2022.12.03"]
[EventType "swiss"]
[EventRounds "9"]
[SourceTitle "Ajedrez en Madrid"]
[Source "lmi"]
[SourceDate "2022.12.03"]
[SourceVersion "1"]
[SourceVersionDate "2022.12.10"]
[SourceQuality "1"]
[TimeControl "90+30"]
[WhiteClock "0:05:30"]
[BlackClock "0:04:10"]

1. e4 e6 2. d4 d5 3. Nc3 Nf6 4. e5 Nfd7 5. f4 c5 6. Nf3 Be7 7. Be3 b6 8. Qd2 Ba6 9. Bxa6 Nxa6 10. O-O g6 11. Ne2 cxd4 12. Nexd4 Qc7 13. Rac1 O-O 14. Qe2 Nb4 15. a3 Nc6 16. Nb5 Qb7 17. c4 dxc4 18. Rxc4 a6 19. Nd6 Bxd6 20. exd6 b5 21. Rc2 Rad8 22. Rfc1 Na5 23. Rc7 Qe4 24. Ng5 Qf5 25. g4 Qf6 26. Ne4 Qg7 27. g5 f5 28. gxf6 Qh6 29. Ng5 Nc4 30. R1xc4 bxc4 31. Bd4 e5 32. Bxe5 Qh4 33. Qxc4+ Kh8 34. Rxd7 Qe1+ 35. Kg2 Qd2+ 36. Kf3 Qd1+ 37. Kf2 Qd2+ 38. Qe2 1-0